 Dungeon Sprint DCSS version 0.30.1-9-gdf580d7c3d (webtiles) character file.

Game seed: 5147351354982412157

17465 Heoruswealwe the Phalangite (level 12, 0/130 HPs)
             Began as a Minotaur Fighter on Oct 10, 2023.
             Was an Initiate of Gozag.
             Slain by an orc knight
             ... wielding a +0 dire flail
              (10 damage)
             ... in the Dungeon (Sprint IX: "|||||||||||||||||||||||||||||").
             The game lasted 00:14:11 (2248 turns).

Heoruswealwe the Phalangite (Minotaur Fighter)      Turns: 2248, Time: 00:14:12

Health: 0/130      AC: 24    Str: 31    XL:     12   Next: 19%
Magic:  11/11      EV:  9    Int:  5    God:    Gozag
Gold:   7125       SH:  0    Dex: 11    Spells: 11/11 levels left

rFire   . . .        b - +2 halberd (venom)
rCold   . . .        (shield currently unavailable)
rNeg    . . .        c - +0 plate armour
rPois   .            (helmet restricted)
rElec   .            h - +0 cloak
rCorr   .            f - +0 pair of gloves
SInv    .            e - +0 pair of boots
Will    .....        (no amulet) Stlth
                     k - +3 ring of strength
HPRegen 0.41/turn    j - +3 ring of strength
MPRegen 0.12/turn

%: no teleportation
@: no status effects
A: horns 2, retaliatory headbutt
a: Renounce Religion, Potion Petition, Call Merchant, Bribe Branch


You were in the Dungeon.
You worshipped Gozag.
Gozag was greatly pleased with you.
You visited 1 branch You collected 7125 gold pieces.

Inventory:

Hand Weapons
 a - a +0 trident
 b - a +2 halberd of venom (weapon)
Armour
 c - a +0 plate armour (worn)
 d - a +0 buckler
 e - a +0 pair of boots (worn)
 f - a +0 pair of gloves (worn)
 h - a +0 cloak (worn)
Jewellery
 j - a +3 ring of strength (right hand)
 k - a +3 ring of strength (left hand)
Wands
 r - a wand of light (10)
 t - a wand of charming (9)
Scrolls
 o - 2 scrolls of enchant armour
 p - 2 scrolls of identify
Potions
 g - a potion of haste
 m - a potion of might
 q - 2 potions of mutation


   Skills:
 + Level 19.0 Fighting
 * Level 25.4 Polearms
 + Level 19.0 Armour
 - Level 3.6 Shields


You had 11 spell levels left.
You didn't know any spells.
Your spell library contained the following spells:

 Spells                   Type           Power      Damage    Failure   Level
 Vhi's Electric Charge    Tloc/Air       0%         N/A       100%        3
 Arcjolt                  Conj/Air       0%         1d10      100%        5
 Plasma Beam              Fire/Air       0%         2x1d11    100%        6


Dungeon Overview and Level Annotations

Branches:
Dungeon (1/1)

Altars:
Cheibriados
Dithmenos
Elyvilon
Fedhas
Gozag
Hepliaklqana
Kikubaaqudgha
Makhleb
Nemelex Xobeh
Okawaru
Qazlal
Ru
Sif Muna
Trog
Uskayaw
Vehumet
Wu Jian
Xom
Yredelemnul
Zin
The Shining One
Jiyva
Lugonu

Shops:
D *?[


Innate Abilities, Weirdness & Mutations

You have a pair of horns on your head.
You reflexively headbutt those who attack you in melee.


Message History

An orc sorcerer comes into view.
It is wielding a +0 dagger of venom and wearing a +0 robe of cold resistance.
The orc knight hits you with a +0 dire flail!!
* * * LOW HITPOINT WARNING * * *
You hit the orc knight.
The orc knight looks as sick as possible!
The orc knight is lightly wounded.
You slash the orc knight!
The orc knight looks as sick as possible!
The orc knight is moderately wounded.
The orc sorcerer no longer looks unusually strong.
The orc knight barely misses you. You furiously retaliate!
You headbutt the orc knight. You slash the orc knight!
The orc knight looks as sick as possible!
Your headbutt misses the orc knight.
The orc knight is heavily wounded.
The orc sorcerer's eyes start to glow.
The orc knight hits you with a +0 dire flail!!
* * * LOW HITPOINT WARNING * * *
You closely miss the orc knight.
The orc knight is heavily wounded.
You closely miss the orc knight. You headbutt the orc knight.
The orc knight is heavily wounded.
The orc knight roars a battlecry!
The orc sorcerers go into a battle-frenzy!
You puncture the orc knight!
The orc knight looks as sick as possible!
You headbutt the orc knight, but do no damage.
The orc knight is severely wounded.
The orc knight no longer looks unusually strong.
The orc sorcerer mumbles some strange words.
The orc knight hits you but does no damage.
You closely miss the orc knight.
The orc knight is severely wounded.
You barely miss the orc knight.
The orc knight is severely wounded.
The orc sorcerer's eyes start to glow.
The orc knight hits you with a +0 dire flail!
You die...
Your body crumbles into a pile of gold.

▓.▓.▓.▓.▓_▓
▓.▓.▓.▓.▓_▓
▓.▓.▓.▓.▓_▓
▓.▓.▓.▓.▓_▓
▓$▓.▓.▓.▓_▓
▓$▓.▓'▓.▓'▓
▓$▓.▓.▓.▓!▓
▓$▓.▓.▓.▓?▓
▓@▓.▓.▓.▓)▓
▓o▓)▓.▓.▓[▓
▓o▓.▓.▓.▓[▓
▓o▓.▓.▓.▓.▓
▓3▓.▓.▓.▓.▓
▓.▓(▓.▓.▓.▓
▓∩▓.▓.▓.▓(▓
▓.▓.▓.▓.▓'▓
▓.▓.▓.▓)▓


You could see an orc knight (extremely poisoned), a smoke demon (summoned) and 2
orc sorcerers.

Vanquished Creatures
  A hydra (D)
  Harold (D)
  Erica (D)
  A catoblepas (D)
  A centaur warrior (D)
  3 orc high priests (D)
  5 death yaks (D)
  Sonja (D)
  An ugly thing (D)
  4 orc knights (D)
  2 orc sorcerers (D)
  2 elephants (D)
  2 black mambas (D)
  2 cane toads (D)
  2 komodo dragons (D)
  3 rime drakes (D)
  A troll (D)
  A blink frog (D)
  A polar bear (D)
  5 yaks (D)
  A wraith (D)
  A basilisk (D)
  A steam dragon (D)
  A vampire mosquito (D)
  2 water moccasins (D)
  8 orc warriors (D)
  A centaur (D)
  A kobold brigand (D)
  A bullfrog (D)
  A scorpion (D)
  A killer bee (D)
  An orc priest (D)
  4 orc wizards (D)
  2 adders (D)
  2 dart slugs (D)
  10 orcs (D)
  2 goblins (D)
  A hobgoblin (D)
  A jackal (D)
  A rat (D)
83 creatures vanquished.

Notes
Turn   | Place    | Note
-------+----------+-------------------------------------------
     0 | D        | Heoruswealwe the Minotaur Fighter began the quest for the
                  | Orb.
     0 | D        | Reached XP level 1. HP: 19/19 MP: 0/0
     8 | D        | Reached skill level 3 in Polearms
    12 | D        | Reached skill level 4 in Polearms
    22 | D        | Noticed a scorpion
    25 | D        | Reached XP level 2. HP: 28/28 MP: 1/1
    27 | D        | Killed a scorpion
    28 | D        | Reached skill level 5 in Fighting
    28 | D        | Reached skill level 7 in Polearms
    28 | D        | Reached skill level 5 in Armour
    28 | D        | Reached XP level 3. HP: 37/37 MP: 2/2
    28 | D        | Reached XP level 4. HP: 44/44 MP: 3/3
    43 | D        | Found a snail-covered altar of Cheibriados.
    43 | D        | Found a shadowy altar of Dithmenos.
    43 | D        | Found a white marble altar of Elyvilon.
    43 | D        | Found a blossoming altar of Fedhas.
    43 | D        | Found an opulent altar of Gozag.
    44 | D        | Found a hazy altar of Hepliaklqana.
    45 | D        | Found a viscous altar of Jiyva.
    46 | D        | Found an ancient bone altar of Kikubaaqudgha.
    47 | D        | Found a corrupted altar of Lugonu.
    48 | D        | Found a burning altar of Makhleb.
    49 | D        | Found a sparkling altar of Nemelex Xobeh.
    50 | D        | Found an iron altar of Okawaru.
    51 | D        | Became a worshipper of Gozag Ym Sagoz the Greedy
    52 | D        | Found a stormy altar of Qazlal.
    53 | D        | Found a sacrificial altar of Ru.
    54 | D        | Found a shimmering blue altar of Sif Muna.
    55 | D        | Found a bloodstained altar of Trog.
    56 | D        | Found a hide-covered altar of Uskayaw.
    57 | D        | Found a radiant altar of Vehumet.
    58 | D        | Found an ornate altar of the Wu Jian Council.
    59 | D        | Found a shimmering altar of Xom.
    60 | D        | Found a basalt altar of Yredelemnul.
    61 | D        | Found a glowing silver altar of Zin.
    62 | D        | Found a glowing golden altar of the Shining One.
   114 | D        | Noticed a yak
   114 | D        | Noticed a steam dragon
   114 | D        | Noticed a yak
   114 | D        | Noticed a kobold brigand
   114 | D        | Noticed a wraith
   119 | D        | Killed a yak
   120 | D        | Reached skill level 10 in Polearms
   120 | D        | Reached XP level 5. HP: 34/53 MP: 4/4
   122 | D        | HP: 2/53 [steam dragon (2)]
   125 | D        | Killed a steam dragon
   126 | D        | Reached skill level 11 in Polearms
   126 | D        | Reached XP level 6. HP: 22/63 MP: 5/5
   126 | D        | Killed a yak
   127 | D        | Reached skill level 12 in Polearms
   131 | D        | Reached skill level 13 in Polearms
   131 | D        | Reached XP level 7. HP: 24/71 MP: 6/6
   137 | D        | Killed a wraith
   138 | D        | Reached skill level 10 in Fighting
   138 | D        | Reached skill level 10 in Armour
   142 | D        | Reached skill level 14 in Polearms
   345 | D        | Noticed a komodo dragon
   345 | D        | Noticed a vampire mosquito
   345 | D        | Noticed a centaur warrior
   345 | D        | Noticed a purple ugly thing
   345 | D        | Noticed a troll
   347 | D        | Killed a komodo dragon
   348 | D        | Reached XP level 8. HP: 82/82 MP: 7/7
   352 | D        | Reached skill level 15 in Polearms
   360 | D        | Killed a centaur warrior
   361 | D        | Reached skill level 16 in Polearms
   367 | D        | Killed a purple ugly thing
   368 | D        | Reached skill level 17 in Polearms
   368 | D        | Reached XP level 9. HP: 41/92 MP: 8/8
   373 | D        | Killed a troll
   641 | D        | Noticed a rime drake
   641 | D        | Noticed a rime drake
   641 | D        | Noticed a black mamba
   642 | D        | Noticed a cane toad
   647 | D        | Noticed a black mamba
   657 | D        | Reached skill level 18 in Polearms
   657 | D        | Killed a rime drake
   661 | D        | Killed a rime drake
   663 | D        | Killed a black mamba
   664 | D        | Reached skill level 19 in Polearms
   667 | D        | Killed a cane toad
   668 | D        | Reached XP level 10. HP: 104/104 MP: 9/9
   671 | D        | Killed a black mamba
   693 | D        | Noticed an elephant
   693 | D        | Noticed a cane toad
   697 | D        | Killed an elephant
   698 | D        | Reached skill level 20 in Polearms
   699 | D        | Noticed an elephant
   703 | D        | Reached skill level 15 in Fighting
   703 | D        | Reached skill level 15 in Armour
   703 | D        | Noticed a seven-headed hydra
   717 | D        | Killed a cane toad
   727 | D        | Killed an elephant
   731 | D        | Killed a ten-headed hydra
   732 | D        | Reached skill level 21 in Polearms
   857 | D        | Noticed a death yak
   857 | D        | Noticed a death yak
   857 | D        | Noticed a death yak
   857 | D        | Noticed a catoblepas
   857 | D        | Noticed a death yak
   861 | D        | Noticed a death yak
   863 | D        | Killed a death yak
   869 | D        | Killed a death yak
   870 | D        | Reached skill level 22 in Polearms
   870 | D        | Reached XP level 11. HP: 55/115 MP: 10/10
   876 | D        | Killed a death yak
   890 | D        | Killed a catoblepas
   905 | D        | Killed a death yak
   910 | D        | Killed a death yak
   911 | D        | Reached skill level 23 in Polearms
  1208 | D        | Noticed Harold
  1214 | D        | Noticed Erica
  1226 | D        | Killed Harold
  1231 | D        | Killed Erica
  1369 | D        | Noticed Sonja
  1388 | D        | Killed Sonja
  1648 | D        | Noticed an orc sorcerer
  1663 | D        | Killed an orc sorcerer
  1664 | D        | Reached skill level 24 in Polearms
  1745 | D        | Noticed an orc knight
  1745 | D        | Noticed an orc knight
  1755 | D        | Killed an orc knight
  1759 | D        | Noticed an orc knight
  1762 | D        | Killed an orc knight
  1801 | D        | Killed an orc knight
  1815 | D        | HP: 3/121 [orc warrior/+0 short sword (7)]
  2197 | D        | Found Osivvu's General Store.
  2197 | D        | Noticed an orc sorcerer
  2197 | D        | Noticed an orc high priest
  2197 | D        | Noticed an orc high priest
  2197 | D        | Noticed an orc knight
  2203 | D        | Killed an orc sorcerer
  2204 | D        | Reached XP level 12. HP: 113/128 MP: 11/11
  2207 | D        | Noticed an orc high priest
  2211 | D        | Killed an orc high priest
  2212 | D        | Reached skill level 25 in Polearms
  2212 | D        | Found Affonaus's Magic Scroll Shoppe.
  2218 | D        | Killed an orc high priest
  2236 | D        | Killed an orc high priest
  2238 | D        | Found Mafosy's Armour Emporium.
  2248 | D        | Slain by an orc knight

Illustrated notes

Levels and vault maps discovered:
D:        linesprint [early_d, line_temple, items_1, d_10, items_2, lair_1,
          lair_end, items_3, orc_1, orc_end, items_4, d_15, swamp_1, shoals_1,
          snake_1, spider_1, d_20, vaults_1, items_5, swamp_end, shoals_end,
          snake_end, spider_end, vaults_end, d_27, items_6, zot_1, zot_end,
          crypt_end, forest_end, elf_end, slime_end, tomb_end, abyss_end,
          pan_hell_end]

Skill      XL: |  1  2  3  4  5  6  7  8  9 10 11 12 |
---------------+-------------------------------------+-----
Polearms       | 4 7 10 11 13 14 17 19 22 24 25 | 25.4
Fighting       | 4 5 8 9 11 12 14 16 18 19 | 19.0
Armour         | 4 5 8 9 11 12 14 16 18 19 | 19.0
Shields        | |  3.6

Action                     |  1- 3 |  4- 6 |  7- 9 | 10-12 || total
---------------------------+-------+-------+-------+-------++-------
  Melee: Trident           |    15 |    10 |       |       ||    25
         Headbutt          |     1 |     3 |     8 |    47 ||    59
         Halberd           |       |    15 |    49 |   210 ||   274
    Use: Potion            |       |     1 |       |    14 ||    15
         Scroll            |       |       |       |     3 ||     3
   Stab: Distracted        |       |       |     1 |     3 ||     4
 Armour: Scale mail        |     3 |       |       |       ||     3
         Chain mail        |       |     9 |    26 |    60 ||    95
         Plate armour      |       |       |       |     7 ||     7
  Dodge: Dodged            |     9 |     5 |    17 |    45 ||    76
  Block: Buckler           |       |     4 |       |       ||     4
